AoeStats
← Belgistanis

Arabia

506662487Analyzed
1v1 RM · 16d ago on Sep 14, 2026· 52m 57s· 2 players
Game mode
Random Map
Map size
Tiny (2 player)
Population
200
Speed
Normal
Resources
Standard
Victory
Conquest
Starting age
Dark Age
Ending age
Imperial Age
RankedLock teamsTeams togetherTeam positionsShared explorationLock speedFull tech treeHidden civsTurbo modeCheats
Victory
Defeat
🇦🇹 Inca · Austria
1120
+16
🇩🇪 Ethiopians · Germany
1125
-16
Belgistanis
9:19 Feudal Age
7:35 Loom
9:55 Double-Bit Axe
12:46 Horse Collar
18:45 Castle Age
17:23 Champi Runner
19:15 Wheelbarrow
19:13 Gold Mining
20:02 Bow Saw
20:31 Town Watch
21:32 Heavy Plow
21:55 Stone Mining
22:43 Gold Shaft Mining
22:36 Scale Mail Armor
24:15 Hand Cart
23:52 Pikeman
24:46 Squires
25:46 Chain Mail Armor
27:33 Fletching
32:47 Imperial Age
31:22 Devotion
31:57 Forging
31:44 Bodkin Arrow
34:02 Plate Mail Armor
33:55 Conscription
33:46 Town Patrol
33:27 Champi Warrior
35:21 Bracer
35:30 Elite Champi Warrior
38:09 Chemistry
37:42 Arson
38:36 Iron Casting
39:13 Fabric Shields
41:03 Hoardings
42:52 Elite Skirmisher
43:24 Halberdier
45:12 Blast Furnace
46:52 Elite Kamayuk
preiss_oliver
8:25 Loom
10:43 Feudal Age
14:27 Castle Age
12:36 Double-Bit Axe
16:19 Bow Saw
18:25 Wheelbarrow
23:08 Scale Barding Armor
24:11 Husbandry
25:33 Chain Barding Armor
31:54 Imperial Age
31:00 Forging
31:17 Sanctity
31:17 Hand Cart
30:50 Town Watch
30:56 Crossbowman
32:37 Fletching
32:48 Padded Archer Armor
33:17 Arbalester
37:02 Bodkin Arrow
37:22 Leather Archer Armor
37:47 Ballistics
38:28 Chemistry
38:09 Thumb Ring
38:47 Gold Mining
38:48 Stone Mining
40:31 Conscription
42:31 Iron Casting
41:57 Bracer
43:23 Gold Shaft Mining
43:23 Stone Shaft Mining
42:25 Cavalier
44:14 Horse Collar
47:36 Blast Furnace
47:07 Ring Archer Armor
47:30 Light Cavalry
48:32 Hussar
50:45 Masonry
Connection lost

Rejoining the realm…

Still unreachable

The connection could not be restored.

Session expired

The server has moved on; the page needs a fresh start.